AoeStats
← Gaius Marius

Arena

506282016Analyzed
1v1 RM · 18d ago on Sep 13, 2026· 53m 22s· 2 players
Game mode
Random Map
Map size
Tiny (2 player)
Population
200
Speed
Normal
Resources
Standard
Victory
Conquest
Starting age
Dark Age
Ending age
Imperial Age
RankedLock teamsTeams togetherTeam positionsShared explorationLock speedFull tech treeHidden civsTurbo modeCheats
Victory
Defeat
🇨🇳 Slavs · China
915
+15
🇺🇸 Cumans · United States
885
-15
Gaius Marius
11:55 Feudal Age
13:59 Scale Mail Armor
13:23 Man-at-Arms
19:37 Forging
21:08 Double-Bit Axe
23:22 Fletching
23:33 Padded Archer Armor
27:00 Castle Age
24:48 Loom
26:18 Wheelbarrow
26:38 Gold Mining
27:09 Bloodlines
28:17 Scale Barding Armor
30:13 Long Swordsman
30:17 Pikeman
31:02 Capped Ram
31:59 Squires
32:36 Chain Barding Armor
35:36 Iron Casting
40:48 Imperial Age
38:22 Steppe Husbandry
39:00 Hand Cart
39:07 Hand Cart
38:39 Double-Bit Axe
41:21 Elite Steppe Lancer
42:57 Long Swordsman
44:32 Two-Handed Swordsman
淡定种田
11:08 Feudal Age
15:00 Castle Age
14:14 Double-Bit Axe
15:11 Scale Mail Armor
15:45 Forging
18:13 Loom
19:41 Scale Barding Armor
23:19 Iron Casting
23:49 Bow Saw
33:02 Imperial Age
31:14 Wheelbarrow
30:27 Town Watch
31:19 Scale Mail Armor
31:14 Stone Mining
31:16 Gold Mining
32:01 Horse Collar
32:52 Squires
33:11 Chain Mail Armor
33:07 Heavy Plow
33:07 Pikeman
34:33 Plate Mail Armor
35:05 Blast Furnace
34:45 Hand Cart
34:33 Town Patrol
35:22 Druzhina
35:43 Conscription
36:25 Halberdier
40:27 Blast Furnace
38:57 Elite Boyar
39:16 Elite Boyar
39:59 Fletching
39:44 Halberdier
40:07 Elite Boyar
42:15 Two-Man Saw
41:45 Bodkin Arrow
42:11 Chain Barding Armor
43:22 Detinets
44:11 Gold Shaft Mining
43:38 Man-at-Arms
44:21 Padded Archer Armor
44:57 Plate Barding Armor
Connection lost

Rejoining the realm…

Still unreachable

The connection could not be restored.

Session expired

The server has moved on; the page needs a fresh start.